 Dungeon Crawl Stone Soup version 0.16.1-11-g651b585 (webtiles) character file.

36 xsansara the Ruffian (level 3, 0/31 HPs)
             Began as a Ghoul Monk on Apr 3, 2015.
             Was a Follower of Okawaru.
             Killed from afar by an orc wizard (4 damage)
             ... with a magic dart
             ... on level 4 of the Dungeon.
             The game lasted 00:05:49 (815 turns).

xsansara the Ruffian (Ghoul Monk)                    Turns: 815, Time: 00:05:49

Health: 0/31       AC:  2    Str: 14    XL:     3   Next: 37%
Magic:  1/3        EV: 15    Int:  6    God:    Okawaru [*.....]
Gold:   86         SH:  0    Dex: 11    Spells: 0 memorised, 2 levels left

rFire  . . .     SeeInvis .       - Unarmed
rCold  + . .     Clarity  .     a - +0 robe
rNeg   + + +     SustAb   .     (no shield)
rPois  ∞         Gourm    .     (no helmet)
rElec  .         Spirit   .     (no cloak)
rCorr  .         Warding  .     (no gloves)
rMut   .         Stasis   .     (no boots)
MR     .....                    (no amulet)
Stlth  +++.......               (no ring)
                                (no ring)

@: heroism, rotting, not resistant to hostile enchantments, fairly stealthy
A: rotting body, claws 1, carnivore 3, cold resistance 1, negative energy
resistance 3, poison resistance, slow healing 1, torment resistance, unbreathing
a: Heroism, Renounce Religion


You were on level 4 of the Dungeon.
You worshipped Okawaru.
Okawaru was aware of your devotion.
You were not hungry.

You visited 1 branch of the dungeon, and saw 3 of its levels.

You collected 86 gold pieces.

Inventory:

Missiles
 c - 71 stones (quivered)
 k - 14 poisoned needles
Armour
 a - a +0 robe (worn)
Scrolls
 b - a scroll of identify {unknown}
 g - a scroll of blinking {unknown}
 h - a scroll of fear {unknown}
 l - a scroll of amnesia {unknown}
 n - a scroll of magic mapping {unknown}
Potions
 d - 2 potions of cancellation {unknown}
 e - a potion of curing
 f - a potion of brilliance {unknown}
 i - a potion of might {unknown}
 m - a potion of mutation {unknown}
 o - 3 potions of agility {unknown}
Comestibles
 j - 8 chunks of flesh


   Skills:
 - Level 3.2(8.2) Fighting
 - Level 2.6(7.6) Dodging
 - Level 2.1(7.1) Stealth
 + Level 5.6(10.6) Unarmed Combat


You had 2 spell levels left.
You didn't know any spells.

Dungeon Overview and Level Annotations

Branches:
Dungeon (4/15)             Temple (0/1) D:4

Altars:
Okawaru


Innate Abilities, Weirdness & Mutations

Your body is rotting away.
You thrive on raw meat.
You have sharp fingernails.
You are carnivorous and can eat meat at any time.
Your flesh is cold resistant.
You are immune to negative energy.
Your system is resistant to poisons.
You heal slowly when monsters are visible.
You are immune to unholy pain and torment.
You can survive without breathing.


Message History

The orc wizard barely misses you. The orc wizard closely misses you.
The orc priest barely misses you.
You scratch the orc priest.
The orc priest is moderately wounded.
The orc wizard hits you with a dagger of protection.
You scratch the orc priest.
The orc priest is severely wounded.
The orc wizard hits you with a dagger. The orc priest misses you.
The orc wizard gestures at you while chanting.
The puff of flame hits you!
* * * LOW HITPOINT WARNING * * *
Drink which item? (? for menu, Esc to quit)
You feel better. The orc wizard hits you with a dagger.
* * * LOW HITPOINT WARNING * * *
The orc priest barely misses you. The orc wizard closely misses you.
You scratch the orc priest.
The orc priest is severely wounded.
The orc wizard gestures at you while chanting.
The magic dart hits you!
You die...

#...######.#.#
#.#.### #.#.#
#.....# #.#.#
#.§...# #.#.#
#..§§.# #.#.###
#.....# #.....#
#.....# #...#.#
#..####
#...#o##### #.##
#...@o....####(.
..#
#..##o........oo
... .....
#####.####.. .>.
...... # ###
######


You could see an orc priest (bleeding) and 2 orc wizards.

Vanquished Creatures
  An orc (D:4)
  5 bats (D:1)
  A giant cockroach (D:1)
  6 hobgoblins
  2 jackals (D:4)
  2 oozes (D:1)
  A giant newt (D:1)
  8 goblins
  4 kobolds (D:1)
  2 rats (D:1)
32 creatures vanquished.

Notes
Turn   | Place    | Note
--------------------------------------------------------------
     0 | D:1      | xsansara, the Ghoul Monk, began the quest for the Orb.
     0 | D:1      | Reached XP level 1. HP: 19/19 MP: 1/1
   149 | D:1      | Reached XP level 2. HP: 26/26 MP: 2/2
   222 | D:1      | Reached skill level 5 in Unarmed Combat
   525 | D:1      | Reached XP level 3. HP: 31/31 MP: 3/3
   650 | D:2      | Found an iron altar of Okawaru.
   656 | D:2      | Became a worshipper of Warmaster Okawaru
   656 | D:2      | Acquired Okawaru's first power
   754 | D:2      | You fall through a shaft for 2 floors!
   754 | D:4      | Found a staircase to the Ecumenical Temple.
   813 | D:4      | HP: 1/31 [orc wizard/puff of flame (11)]
   815 | D:4      | Killed from afar by an orc wizard

Action                   || total
-------------------------++-------
Melee: Unarmed           ||    98
Throw: Stone             ||    30
Invok: Heroism           ||     1
  Use: Potion            ||     3
  Eat: Chunk             ||     9
